 Dungeon Crawl Stone Soup version 0.26.1-2-gb8aa6d0 (webtiles) character file.

Game seed: 3875073996418652559

1159 AmazingTV the Skirmisher (level 8, 0/73 HPs)
             Began as a Minotaur Berserker on June 4, 2021.
             Was a Priest of Trog.
             Succumbed to a worker ant's poison
             ... on level 6 of the Dungeon.
             The game lasted 00:30:17 (6875 turns).

AmazingTV the Skirmisher (Minotaur Berserker)       Turns: 6875, Time: 00:30:18

Health: 0/73       AC:  4    Str: 22    XL:     8   Next: 16%
Magic:  7/7        EV: 12    Int:  6    God:    Trog [***...]
Gold:   163        SH:  0    Dex: 10    Spells: 7/7 levels left

rFire    . . .     SeeInvis +   a - +0 mace
rCold    . . .     Faith    .   (no shield)
rNeg     . . .     Spirit   .   p - +0 leather armour
rPois    .         Reflect  .   (helmet restricted)
rElec    .         Harm     .   (no cloak)
rCorr    .         Rampage  .   D - +0 pair of gloves
Will     ++...                  (no boots)
Stlth    +.........             (no amulet)
HPRegen  1.22/turn              f - ring of see invisible
MPRegen  0.10/turn              (no ring)

@: lethally poisoned (0 -> -3), berserk cooldown, regenerating (expiring),
slowed, very slow
A: retaliatory headbutt, horns 2
a: Renounce Religion, Berserk, Trog's Hand


You were on level 6 of the Dungeon.
You worshipped Trog.
Trog was most pleased with you.
You visited 1 branch of the dungeon, and saw 6 of its levels.

You collected 163 gold pieces.

Inventory:

Hand Weapons
 a - a +0 mace (weapon)
 b - a +0 hunting sling
 h - a +0 shortbow
 v - a +0 mace
 x - a +0 great sword
Missiles
 c - 118 arrows
 g - 113 stones
 n - 23 poisoned darts (quivered)
 F - 3 sling bullets
 G - a throwing net
Armour
 o - a +0 ring mail
 p - a +0 leather armour (worn)
 s - a +0 animal skin
 y - a +1 ring mail of cold resistance
 C - a +0 pair of gloves
 D - a +0 pair of gloves (worn)
 H - a +0 ring mail
Jewellery
 f - a ring of see invisible (left hand)
Scrolls
 e - a scroll of amnesia {unknown}
 j - 5 scrolls of identify
 k - 4 scrolls of remove curse
 l - 2 scrolls of enchant armour {unknown}
 E - a scroll of teleportation {unknown}
 I - a scroll of enchant weapon {unknown}
Potions
 d - a potion of might {unknown}
 i - a potion of magic {unknown}
 m - a potion of haste {unknown}
 q - 2 potions of lignification {unknown}
 r - 2 potions of ambrosia {unknown}
 t - a potion of degeneration {unknown}
 u - a potion of flight {unknown}
 w - a potion of cancellation {unknown}
 z - a potion of resistance {unknown}
 A - a potion of invisibility {unknown}
 B - a potion of curing {unknown}


   Skills:
 * Level 7.1 Fighting
 * Level 1.5(4.2) Axes
 + Level 6.2(6.4) Maces & Flails
 + Level 5.4(5.7) Slings
 * Level 2.2(3.9) Throwing
 * Level 4.1 Armour
 + Level 2.9 Dodging
 + Level 0.9 Stealth


You had 7 spell levels left.
You didn't know any spells.
Your spell library was empty.

Dungeon Overview and Level Annotations

Branches:
Dungeon (6/15)
 Temple: D:4-7

Altars:
Cheibriados
Kikubaaqudgha
Makhleb
Trog

Shops:
D:4 (


Innate Abilities, Weirdness & Mutations

You reflexively headbutt those who attack you in melee.
You have a pair of horns on your head.


Message History

You feel sick.
A jelly comes into view.
The jelly quivers.
You thump the jelly!
Your hands burn!
* * * LOW HITPOINT WARNING * * *
You headbutt the jelly.
The jelly is severely wounded.
You feel sick. The jelly hits you.
* * * LOW HITPOINT WARNING * * *
You are splashed with acid.
* * * LOW HITPOINT WARNING * * *
You feel sick.
You see here a scorpion corpse.
You feel a strong urge to attack something.
You are no longer berserk.
You are exhausted.
You feel yourself slow down.
* * * LOW HITPOINT WARNING * * *
You feel sick.
You die...

#...#......#....#
###...#......##..##
#.....##).....##..#
##((..(†..##.......#
..........##.......###
#.........##...##.##.#
#......#...#..##.....##
##.....#.##..........#
##......#....#†#@.#..##
..###.#......#J#...###
......#..........#.#
...........#######..#
..#........# ##.# .
##......># .#
##.......# .#
.##.<..###.# .#
........<#.#


There were no monsters in sight!

Vanquished Creatures
  2 centaurs (D:5)
  3 scorpions
  A howler monkey (D:4)
  A bullfrog zombie (D:5)
  A centaur zombie (D:5)
  A hound (D:4)
  3 orc wizards
  4 orc priests
  A centaur skeleton (D:4)
  A jelly (D:5)
  6 worker ants
  7 gnolls (D:5)
  13 adders
  A shadow imp (D:5)
  An ooze (D:2)
  An adder skeleton (D:4)
  4 dart slugs
  7 leopard geckos
  14 orcs
  2 ball pythons
  2 giant cockroaches
  8 goblins
  7 hobgoblins
  2 jackals (D:3)
  3 quokkas
  6 bats
  4 frilled lizards
  6 kobolds
  A leopard gecko zombie (D:5)
  A quokka skeleton (D:4)
  10 rats
124 creatures vanquished.

Vanquished Creatures (others)
  2 plants
2 creatures vanquished.

Grand Total: 126 creatures vanquished

Notes
Turn   | Place    | Note
-------+----------+-------------------------------------------
     0 | D:1      | AmazingTV the Minotaur Berserker began the quest for the
                  | Orb.
     0 | D:1      | Reached XP level 1. HP: 19/19 MP: 0/0
   474 | D:1      | Reached XP level 2. HP: 26/27 MP: 1/1
   537 | D:1      | Reached skill level 4 in Fighting
   884 | D:1      | Reached ** piety under Trog
   919 | D:1      | Reached XP level 3. HP: 32/33 MP: 2/2
  1193 | D:2      | Reached skill level 1 in Throwing
  1469 | D:2      | Reached XP level 4. HP: 39/41 MP: 3/3
  2621 | D:3      | Reached XP level 5. HP: 47/47 MP: 4/4
  2762 | D:3      | Found a burning altar of Makhleb.
  3332 | D:4      | Reached skill level 1 in Slings
  3472 | D:4      | Found Weamnot's Antique Weapon Emporium.
  3494 | D:4      | Reached skill level 5 in Fighting
  3494 | D:4      | Reached skill level 5 in Maces & Flails
  3723 | D:4      | Reached XP level 6. HP: 52/56 MP: 5/5
  4509 | D:4      | Found a snail-covered altar of Cheibriados.
  4571 | D:5      | Entered Level 5 of the Dungeon
  4699 | D:5      | Reached XP level 7. HP: 35/62 MP: 6/6
  4758 | D:5      | Found a bloodstained altar of Trog.
  5195 | D:5      | Reached skill level 6 in Fighting
  5509 | D:5      | Reached *** piety under Trog
  5541 | D:5      | Reached skill level 5 in Slings
  6553 | D:5      | Found an ancient bone altar of Kikubaaqudgha.
  6817 | D:6      | Reached skill level 7 in Fighting
  6819 | D:6      | Reached skill level 1 in Axes
  6819 | D:6      | Reached XP level 8. HP: 43/73 MP: 7/7
  6872 | D:6      | HP: 4/109 [acid (5)]
  6875 | D:6      | Succumbed to a worker ant's poison

Illustrated notes

Levels and vault maps discovered:
D:1:      tarquinn_simple_flora_water_d, layout_basic, serial_forest,
          infiniplex_forest_clump_small, infiniplex_forest_end_2,
          infiniplex_forest_clump_double, infiniplex_forest_clump_curved,
          infiniplex_forest_lined_4_way, infiniplex_forest_zigzag_1,
          infiniplex_forest_end_3, infiniplex_forest_zigzag_2,
          infiniplex_forest_lined_room_, minmay_tetromino_l2
D:2:      layout_basic
D:3:      layout_loops_corners, chequers_avenue, bloody_makhleb
D:4:      layout_loops_cross, nicolae_overflow_hidden_temple, serial_shops,
          nicolae_shop_overgrown_old_shop
D:5:      layout_cave_pods, basic_altar, grunt_decor_mini_mirrors,
          roderic_serpentine_path, minmay_misc_feat_square,
          lemuel_altar_in_water
D:6:      layout_cave_pools, minmay_temple_entry_overgrown,
          ebering_ghost_disaster_area

Skill      XL: |  1  2  3  4  5  6  7  8 |
---------------+-------------------------+-----
Fighting       | 4 5 7 |  7.1
Maces & Flails | 4 5 6 |  6.2
Throwing       | 1 2 |  2.2
Armour         | 3 4 |  4.1
Slings         | 2 4 5 |  5.4
Axes           | 1 |  1.5
Dodging        | |  2.9
Stealth        | |  0.9

Action                   |  1- 3 |  4- 6 |  7- 9 || total
-------------------------+-------+-------+-------++-------
Melee: Mace              |    63 |   102 |    83 ||   248
       Headbutt          |     3 |    16 |     9 ||    28
 Fire: Hunting sling     |       |    55 |    41 ||    96
Throw: Stone             |    66 |    83 |       ||   149
       Dart              |       |       |     9 ||     9
Invok: Trog's Hand       |     1 |     5 |     2 ||     8
       Berserk           |       |       |     2 ||     2
  Use: Scroll            |       |       |     3 ||     3
Armor: Animal skin       |    13 |     1 |       ||    14
       Leather armour    |       |    21 |    14 ||    35
Dodge: Dodged            |    43 |    86 |    56 ||   185
